 Dungeon Crawl Stone Soup version 0.19.5 (webtiles) character file.

347 Mesmaeker13 the Skirmisher (level 6, -2/66 HPs)
             Began as an Ogre Hunter on May 2, 2017.
             Slain by an iron imp (5 damage)
             ... summoned by Eustachio
             ... on level 4 of the Dungeon.
             The game lasted 00:09:19 (3555 turns).

Mesmaeker13 the Skirmisher (Ogre Hunter)            Turns: 3555, Time: 00:09:19

Health: -2/66      AC:  4    Str: 18    XL:     6   Next: 59%
Magic:  6/6        EV: 10    Int: 12    God:
Gold:   121        SH:  0    Dex: 10    Spells: 0 memorised, 5 levels left

rFire  . . .     SeeInvis .     l - +1 flail
rCold  . . .     Gourm    .     n - +0 animal skin
rNeg   . . .     Faith    .     (no shield)
rPois  .         Spirit   .     (helmet restricted)
rElec  .         Reflect  .     m - +0 cloak
rCorr  .         Harm     .     (gloves unavailable)
MR     .....                    (boots unavailable)
Stlth  +.........               (no amulet)
                                (no ring)
                                h - ring of wizardry

@: no status effects
A: unfitting armour, tough skin 1
a: no special abilities


You were on level 4 of the Dungeon.
You were not hungry.

You visited 1 branch of the dungeon, and saw 4 of its levels.

You collected 121 gold pieces.

Inventory:

Hand Weapons
 l - a +1 flail (weapon)
 o - a +3 quarterstaff of chaos
Missiles
 i - 31 poisoned needles
 j - 92 stones (quivered)
 r - 5 tomahawks
Armour
 m - a +0 cloak (worn)
 n - a +0 animal skin (worn)
Jewellery
 h - a ring of wizardry (left hand)
Wands
 k - a wand of teleportation (0/9)
Scrolls
 a - a scroll of identify {unknown}
 g - a scroll of enchant weapon
 t - a scroll of noise {unknown}
 u - a scroll of recharging {unknown}
 v - a scroll of remove curse {unknown}
Books
 s - a book of Minor Magic

   Spells                             Type                      Level
   a - Magic Dart                     Conjuration                  1
   b - Blink                          Translocation                2
   c - Call Imp                       Summoning                    2
   d - Repel Missiles                 Charms/Air                   2
   e - Slow                           Hexes                        2
   f - Conjure Flame                  Conjuration/Fire             3
   g - Mephitic Cloud                 Conjuration/Poison/Air       3
Comestibles
 b - a slice of pizza
 p - 4 chunks of flesh
 q - a meat ration


   Skills:
 + Level 5.3 Fighting
 + Level 4.0 Maces & Flails
 + Level 4.9 Throwing
 + Level 3.3 Dodging
 - Level 0.6 Stealth


You had 5 spell levels left.
You didn't know any spells.

Dungeon Overview and Level Annotations

Branches:
Dungeon (4/15)
 Temple: D:4-7

Altars:
Cheibriados

Annotations:
D:4 Eustachio


Innate Abilities, Weirdness & Mutations

You are too large for most types of armour.
You have tough skin. (AC +1)


Message History

You feel better. The ufetubus barely misses you. The ufetubus hits you.
* * * LOW HITPOINT WARNING * * *
The quokka bites you.
* * * LOW HITPOINT WARNING * * *
The ufetubus hits you but does no damage.
The ufetubus barely misses you.
You don't know any spells.
Unknown command.
There are monsters nearby!
Unknown command.
Evoke which item? (* to show all) (? for menu, Esc to quit)
Zapping:
k - a wand of teleportation {zapped: 5} (will waste charges)
Press: ? - help, Shift-Dir - straight line, f - you, p - Eustachio Nothing appears to happen.
The quokka bites you.
* * * LOW HITPOINT WARNING * * *
The ufetubus hits you.
* * * LOW HITPOINT WARNING * * *
The ufetubus misses you. The iron imp barely misses you. The iron imp hits you.
You die...

#........>.#
#..........#
#####..........#
#..............#
##.###..........#
#..# #######.####
#.## ..# ##.# #.#
##5@# .# ##r5##
#.(## ..# ##..#
.@#. ##.# ######
....# #l###.....##
..#l.# #...........
.....####..........
#.......#.........


You could see an iron imp, an ufetubus and a quokka.

Vanquished Creatures
  An orc priest (D:3)
  Crazy Yiuf (D:2)
  3 orc wizards
  Jessica (D:2)
  Terence (D:2)
  A hound skeleton (D:4)
  Robin (D:1)
  2 adders
  A worm (D:3)
  6 dart slugs
  3 leopard geckos
  4 orcs (D:3)
  10 bats
  3 giant cockroaches
  15 goblins
  16 hobgoblins
  2 jackals (D:1)
  10 kobolds
  A quokka (D:4)
  A ball python (D:3)
  2 frilled lizards
  13 rats
98 creatures vanquished.

Notes
Turn   | Place    | Note
-------+----------+-------------------------------------------
     0 | D:1      | Mesmaeker13 the Ogre Hunter began the quest for the Orb.
     0 | D:1      | Reached XP level 1. HP: 22/22 MP: 1/1
    48 | D:1      | Reached skill level 3 in Fighting
    77 | D:1      | Reached XP level 2. HP: 30/31 MP: 2/2
   510 | D:1      | Reached XP level 3. HP: 26/39 MP: 3/3
   765 | D:1      | Reached skill level 1 in Maces & Flails
  1036 | D:2      | Noticed Jessica
  1088 | D:2      | Killed Jessica
  1088 | D:2      | Reached skill level 4 in Fighting
  1088 | D:2      | Reached XP level 4. HP: 48/48 MP: 4/4
  1133 | D:2      | Noticed Robin
  1268 | D:2      | Noticed Terence
  1300 | D:1      | Killed Robin
  1769 | D:2      | Killed Terence
  1769 | D:2      | Reached XP level 5. HP: 55/55 MP: 5/5
  2151 | D:2      | Found a runed door.
  2310 | D:2      | Noticed Crazy Yiuf
  2312 | D:2      | Killed Crazy Yiuf
  2913 | D:3      | Reached XP level 6. HP: 51/65 MP: 6/6
  2919 | D:3      | Reached skill level 5 in Fighting
  3316 | D:4      | Found a snail-covered altar of Cheibriados.
  3527 | D:4      | Noticed Eustachio
  3552 | D:4      | HP: 3/66 [iron imp[Eustachio] (6)]
  3555 | D:4      | Slain by an iron imp

Skill      XL: |  1  2  3  4  5  6 |
---------------+-------------------+-----
Fighting       | 3 4 5 |  5.3
Dodging        | 2 3 |  3.3
Maces & Flails | 1 2 3 4 |  4.0
Throwing       | |  4.9
Stealth        | |  0.6

Action                   |  1- 3 |  4- 6 || total
-------------------------+-------+-------++-------
Melee: Short sword       |     5 |       ||     5
       Club              |   101 |   106 ||   207
       Flail             |       |    89 ||    89
       Mace              |       |     4 ||     4
Throw: Large rock        |    11 |    23 ||    34
       Throwing net      |       |     2 ||     2
Evoke: Wand              |       |     2 ||     2
  Use: Scroll            |       |     1 ||     1
       Potion            |       |     4 ||     4
 Stab: Sleeping          |     2 |     3 ||     5
  Eat: Chunk             |     1 |     8 ||     9
Armor: Robe              |    31 |    13 ||    44
       Animal skin       |       |    57 ||    57
Dodge: Dodged            |    70 |   130 ||   200
